 Dungeon Crawl Stone Soup version 0.17-a0-1636-g3119f2b (webtiles) character file.

137 karlkraus the Insei (level 5, -2/36 HPs)
             Began as an Octopode Monk on Aug 7, 2015.
             Slain by a kobold
             ... wielding a +0 dagger
              (3 damage)
             ... on level 3 of the Dungeon.
             The game lasted 00:03:22 (1928 turns).

karlkraus the Insei (Octopode Monk)                 Turns: 1928, Time: 00:03:23

Health: -2/36      AC:  1    Str: 10    XL:     5   Next: 20%
Magic:  5/5        EV: 13    Int: 13    God:
Gold:   43         SH:  0    Dex: 15    Spells: 0 memorised, 4 levels left

rFire  . . .     SeeInvis .       - Unarmed
rCold  . . .     Clarity  .     (no shield)
rNeg   . . .     SustAt   .     (helmet restricted)
rPois  .         Gourm    .     (no amulet)
rElec  .         Spirit   .     (no ring)
rCorr  .         Warding  .     (no ring)
rMut   .         Stasis   .     (no ring)
MR     .....                    (no ring)
Stlth  ++++......               (no ring)
                                (no ring)
                                (no ring)
                                (no ring)

@: not resistant to hostile enchantments, stealthy
A: almost no armour, amphibious, 8 rings, constrict 8, camouflage 1, gelatinous
body 1
a: no special abilities


You were on level 3 of the Dungeon.
You were very hungry.

You visited 1 branch of the dungeon, and saw 3 of its levels.

You collected 43 gold pieces.

Inventory:

Scrolls
 c - a scroll of recharging {unknown}
 i - 2 scrolls of remove curse {unknown}
 j - a scroll of identify {unknown}
 k - 2 scrolls of enchant weapon {unknown}
 l - a scroll of magic mapping {unknown}
Potions
 d - 2 potions of flight {unknown}
 e - a potion of heal wounds {unknown}
 g - 2 potions of curing {unknown}
 h - a potion of brilliance {unknown}
Comestibles
 a - 2 bread rations
 b - 3 meat rations
 f - 3 fruits


   Skills:
 + Level 3.5 Fighting
 + Level 3.3 Dodging
 + Level 4.2 Stealth
 + Level 5.3 Unarmed Combat


You had 4 spell levels left.
You didn't know any spells.

Dungeon Overview and Level Annotations

Branches:
Dungeon (3/15)

Altars:
Trog


Innate Abilities, Weirdness & Mutations

You cannot wear most types of armour.
You are amphibious.
You can wear up to eight rings at the same time.
You can use your tentacles to constrict eight enemies at once.
Your skin changes colour to match your surroundings (Stealth).
Your rubbery body absorbs attacks (AC +1).


Message History

You are too injured to fight recklessly!
You are too injured to fight recklessly!
You are too injured to fight recklessly!
You are too injured to fight recklessly!
You are too injured to fight recklessly!
You barely miss the orc. Your grab misses the orc.
The kobold hits you but does no damage. The hobgoblin closely misses you.
The orc barely misses you.
You closely miss the orc. You grab the orc. You constrict the orc.
The kobold barely misses you.
You tentacle-slap the orc.
You kill the orc!
The hobgoblin hits you with a club.
* * * LOW HITPOINT WARNING * * *
The kobold completely misses you. The kobold hits you but does no damage.
The hobgoblin hits you with a club.
* * * LOW HITPOINT WARNING * * *
You see here a falchion.
The kobold hits you with a dagger.
You die...

#. #....$#
####.###.<...####
................
#..........####
###....#.†...###
.......#........#
......†.....###.#
######g)K#..### #
.......@.......
............###
....##....###
.... ....... ...
#........ ..
#..........
...........
............


You could see a hobgoblin and a kobold.

Vanquished Creatures
  Natasha (thrice) (D:2)
  5 adders (D:2)
  A worm (D:2)
  2 giant geckos
  5 orcs (D:3)
  A ball python (D:3)
  7 goblins
  6 hobgoblins
  3 jackals (D:2)
  5 kobolds
  4 bats
  4 giant cockroaches
  A giant newt (D:1)
  A rat (D:2)
48 creatures vanquished.

Notes
Turn   | Place    | Note
--------------------------------------------------------------
     0 | D:1      | karlkraus the Octopode Monk began the quest for the Orb.
     0 | D:1      | Reached XP level 1. HP: 16/16 MP: 1/1
   109 | D:1      | Reached XP level 2. HP: 10/21 MP: 2/2
   586 | D:2      | Reached XP level 3. HP: 26/26 MP: 3/3
   631 | D:2      | Found a bloodstained altar of Trog.
   633 | D:2      | Noticed Natasha
   638 | D:2      | Killed Natasha
   640 | D:2      | Reached XP level 4. HP: 28/31 MP: 4/4
   646 | D:2      | Noticed Natasha
   653 | D:2      | Killed Natasha
   965 | D:2      | Noticed Natasha
   973 | D:2      | Reached skill level 5 in Unarmed Combat
   974 | D:2      | Killed Natasha
  1447 | D:2      | Reached XP level 5. HP: 31/36 MP: 5/5
  1927 | D:3      | HP: 1/36 [hobgoblin/club (3)]
  1928 | D:3      | Slain by a kobold

Vault maps used:
D:1:      onia_arrival_pentagram
D:2:      overflow_temple_1_default, minmay_misc_feat_square, uniq_natasha
D:3:      lemuel_round_altar

Action                   |  1- 3 |  4- 6 || total
-------------------------+-------+-------++-------
Melee: Unarmed           |    38 |    67 ||   105
 Stab: Sleeping          |     3 |     6 ||     9
       Distracted        |       |     1 ||     1
  Eat: Chunk             |       |     2 ||     2
